Map: Cosmic Sapphire

Players

Scarlett

  • Race: Zerg Zerg
  • Spawn Location: 11:00

Astrea - Winner!

  • Race: Protoss Protoss
  • Spawn Location: 5:00

Event: DreamHack SC2 Masters 2022 Atlanta (Offline)

VOD

Have the link to the VOD?

Description

Time

  • Played on: Nov. 18, 2022, 6:21 p.m.
  • Length: 7:16

All games in this series

Show
View Real Time Build Order
Export as new Build Order

Scarlett Zerg 

Build Orders: Hatch First 

Get SALT Encoding   

  12  0:00  Drone  
  13  0:12  Overlord  
  13  0:17  Drone  
  14  0:30  Drone x2  
  16  0:45  Drone  
  17  0:52  Hatchery  
  17  0:54  Drone  
  17  0:58  Drone  
  18  1:07  Extractor  
  17  1:13  Spawning Pool  
  17  1:15  Drone  
  17  1:19  Drone  
  18  1:28  Drone  
  19  1:38  Drone  
  20  1:50  Drone  
  21  2:00  Overlord  
  21  2:03  Queen  
  21  2:04  Queen  
  21  2:05  Drone  
  26  2:11  Zergling x2  
  27  2:15  Drone  
  27  2:17  Metabolic Boost  
  27  2:22  Zergling x2  
  29  2:25  Drone  
  30  2:37  Hatchery  
  30  2:40  Queen  
  30  2:44  Drone  
  32  2:45  Drone  
  32  2:50  Overlord  
  34  2:58  Drone x3  
  36  3:09  Spore Crawler  
  36  3:17  Drone x8  
  42  3:25  Queen  
  42  3:26  Spore Crawler  
  43  3:29  Overlord  
  43  3:40  Overlord  
  43  3:46  Queen  
  43  3:47  Drone  
  43  3:48  Drone  
  47  3:49  Spore Crawler, Queen  
  47  3:51  Drone  
  47  3:54  Drone  
  50  3:57  Drone x3  
  53  4:03  Drone x3  
  56  4:10  Queen  
  56  4:15  Zergling x6  
  60  4:20  Drone x4  
  60  4:23  Extractor  
  60  4:24  Extractor  
  61  4:27  Lair  
  59  4:32  Roach Warren  
  59  4:34  Drone x2  
  59  4:36  Drone  
  59  4:37  Drone  
  62  4:39  Drone  
  62  4:40  Drone  
  62  4:41  Drone  
  62  4:45  Overlord  
  65  4:48  Extractor  
  64  4:53  Overlord  
  64  4:55  Drone  
  66  5:00  Drone  
  66  5:06  Drone x2  
  66  5:07  Drone x3, Pneumatized Carapace  
  71  5:08  Drone x2  
  71  5:09  Overlord  
  71  5:10  Overlord  
  73  5:26  Roach x4  
  81  5:31  Roach x5  
  81  5:35  Spore Crawler, Roach x2  
  94  5:46  Overlord  
  94  5:54  Zergling x8  
  98  5:57  Overlord x2  
  98  5:58  Overlord x2  
  98  6:06  Zergling x8, Ravager x4  
  104  6:20  Zergling x22  
  104  6:23  Ravager x3  
  118  6:26  Zergling x6  
  121  6:37  Zergling x2  
  121  6:38  Zergling x4  
  122  6:43  Ravager x3  
  122  6:44  Zergling x2  
  123  6:48  Zergling x4  
  123  6:51  Zergling x8  
  118  6:54  Zergling x2  
  118  6:57  Zergling x6  
Show
View Real Time Build Order
Export as new Build Order

Astrea Protoss - Winner!

Build Orders: 1 Gate Expand, Oracle Opening 

Get SALT Encoding   

  12  0:00  Probe  
  13  0:12  Probe  
  14  0:21  Pylon  
  14  0:24  Probe  
  15  0:39  Probe (Chrono Boost)  
  15  0:42  Gateway  
  16  0:48  Probe (Chrono Boost)  
  16  0:49  Assimilator  
  17  0:53  Probe (Chrono Boost)  
  18  1:05  Probe  
  19  1:17  Probe  
  20  1:26  Nexus  
  20  1:29  Probe  
  21  1:39  Cybernetics Core  
  21  1:45  Assimilator  
  22  1:47  Probe  
  22  1:54  Pylon  
  22  1:59  Probe  
  23  2:12  Probe (Chrono Boost)  
  23  2:13  Adept (Chrono Boost)  
  24  2:22  Probe (Chrono Boost), Stargate  
  27  2:27  Probe (Chrono Boost)  
  28  2:31  Warp Gate  
  28  2:35  Adept  
  30  2:38  Probe (Chrono Boost)  
  32  2:45  Probe (Chrono Boost)  
  32  2:47  Probe (Chrono Boost)  
  34  2:52  Probe x2 (Chrono Boost)  
  35  3:03  Probe  
  35  3:04  Oracle (Chrono Boost), Probe  
  40  3:15  Probe  
  40  3:19  Probe  
  42  3:21  Pylon  
  42  3:27  Probe  
  42  3:31  Nexus, Probe  
  42  3:33  Pylon  
  44  3:36  Oracle (Chrono Boost)  
  44  3:40  Probe  
  48  3:43  Probe  
  49  3:52  Probe  
  50  3:56  Probe  
  50  3:58  Assimilator x2  
  51  4:03  Forge  
  51  4:04  Probe  
  51  4:06  Twilight Council  
  51  4:08  Probe (Chrono Boost)  
  54  4:20  Probe (Chrono Boost)  
  54  4:21  Probe (Chrono Boost)  
  58  4:25  Pylon  
  58  4:29  Probe (Chrono Boost)  
  58  4:30  Blink (Chrono Boost)  
  57  4:31  Probe (Chrono Boost)  
  57  4:33  Robotics Facility  
  57  4:34  Probe  
  57  4:36  Protoss Ground Weapons Level 1 (Chrono Boost)  
  58  4:43  Probe (Chrono Boost)  
  58  4:45  Probe (Chrono Boost)  
  60  4:51  Gateway x2  
  60  4:52  Probe (Chrono Boost)  
  61  4:55  Gateway  
  61  4:57  Probe (Chrono Boost)  
  63  5:00  Probe (Chrono Boost)  
  63  5:01  Gateway  
  63  5:02  Zealot, Probe  
  65  5:07  Probe  
  65  5:13  Probe  
  66  5:14  Probe  
  66  5:19  Probe  
  66  5:20  Gateway  
  68  5:22  Observer  
  68  5:25  Probe  
  68  5:27  Probe  
  71  5:29  Stalker  
  71  5:31  Probe  
  71  5:33  Gateway  
  71  5:35  Gateway  
  74  5:36  Pylon  
  74  5:37  Photon Cannon  
  74  5:39  Pylon  
  74  5:43  Probe  
  74  5:46  Pylon  
  74  5:50  Stalker  
  74  5:51  Pylon  
  74  5:52  Stalker  
  74  5:54  Shield Battery  
  74  5:55  Stalker  
  74  5:56  Stalker  
  80  6:00  Shield Battery  
  80  6:02  Pylon  
  80  6:17  Stalker x3  
  86  6:19  Stalker  
  86  6:20  Shield Battery, Stalker  
  86  6:23  Shield Battery  
  86  6:25  Shield Battery  
  90  6:31  Stalker x2  
  94  6:37  Pylon x2  
  94  6:42  Stalker x4  
  94  6:47  Stalker  
  104  6:57  Stalker x2  
  104  7:06  Stalker x4  
  109  7:12  Shield Battery, Pylon  
Tags
 
Add a new tag
Caveats
  • Supply blocks, unpowered buildings, or Contaminate may cause inaccurate times.
  • Supply counts are checked every 10 seconds.